 Dungeon Crawl Stone Soup version 0.20.1-1-g8b1a95d (webtiles) character file.

23205 FartMonger the Fencer (level 12, -2/110 HPs)
             Began as a Minotaur Fighter on Aug 23, 2017.
             Was the Champion of Okawaru.
             Slain by a polar bear (7 damage)
             ... in an ice cave.
             The game lasted 00:41:50 (12110 turns).

FartMonger the Fencer (Minotaur Fighter)           Turns: 12110, Time: 00:41:51

Health: -2/110     AC: 17    Str: 28    XL:     12   Next: 69%
Magic:  12/12      EV: 10    Int:  5    God:    Okawaru [******]
Gold:   803        SH:  0    Dex: 10    Spells: 11/11 levels left

rFire    . . .     SeeInvis .   b - +1 great sword "Sasiz" {vamp, Str+2}
rCold    + . .     Gourm    .   (shield currently unavailable)
rNeg     . . .     Faith    .   y - +0 plate armour
rPois    +         Spirit   .   (helmet restricted)
rElec    +         Reflect  .   S - scarf of Articulation {*Slow +Fly rElec rPois}
rCorr    .         Harm     +   o - +0 pair of gloves
MR       .....                  (no boots)
Stlth    ..........             r - amulet of harm
Regen    0.3/turn               J - ring of poison resistance
MPRegen  0.2/turn               g - ring of protection from cold

@: slowed, very slow
A: retaliatory headbutt, horns 2
a: Heroism, Finesse, Renounce Religion, Evoke Flight


You were in an ice cave.
You worshipped Okawaru.
Okawaru was exalted by your worship.
You were hungry.

You visited 2 branches of the dungeon, and saw 13 of its levels.
You also visited: Ossuary and Ice Cave.

You collected 803 gold pieces.

Inventory:

Hand Weapons
 b - the +1 great sword "Sasiz" (weapon) {vamp, Str+2}
   (Okawaru gifted it to you on level 8 of the Dungeon)

   It inflicts no extra harm, but heals its wielder when it wounds a living foe.
   It affects your strength (+2).
 q - a +0 long sword
Armour
 o - a +0 pair of gloves (worn)
 y - a +0 plate armour (worn)
 D - a +0 cloak
 S - the scarf of Articulation (worn) {*Slow +Fly rElec rPois}
   (Okawaru gifted it to you on level 11 of the Dungeon)

   It insulates you from electricity.
   It protects you from poison.
   It lets you fly.
   It may slow you when you take damage.
Jewellery
 a - an uncursed ring of resist corrosion
 g - a ring of protection from cold (right hand)
 r - an amulet of harm (around neck)
 F - a +5 ring of protection
 J - a ring of poison resistance (left hand)
Wands
 p - a wand of confusion (0/48)
 B - a wand of polymorph (0/24)
 C - a wand of enslavement (16/24)
 K - a wand of scattershot (0/9)
 N - a wand of flame (24/48)
 Q - a wand of scattershot (2/9)
Scrolls
 c - a scroll of acquirement {unknown}
 i - 6 scrolls of teleportation
 k - 2 scrolls of brand weapon
 l - 7 scrolls of remove curse
 n - 4 scrolls of enchant armour
 s - a scroll of fog
 u - 8 scrolls of amnesia
 x - 2 scrolls of recharging
 I - 2 scrolls of enchant weapon
 R - a scroll of summoning {unknown}
Potions
 e - 3 potions of lignification
 j - a potion of magic
 m - 2 potions of ambrosia {unknown}
 t - a potion of cancellation {unknown}
 w - 2 potions of agility {unknown}
 z - 4 potions of flight
 A - a potion of haste {unknown}
 E - a potion of invisibility {unknown}
 G - 3 potions of curing
 H - 2 potions of mutation {unknown}
 M - 7 potions of resistance {unknown}
 T - a potion of berserk rage {unknown}
 U - a potion of might
Miscellaneous
 P - a lightning rod (4/4)
Comestibles
 f - 9 bread rations
 h - 3 royal jellies
 L - 22 fruits
 O - 2 meat rations


   Skills:
 + Level 11.6 Fighting
 + Level 16.7 Long Blades
 + Level 13.2 Armour
 + Level 6.1 Dodging
   Level 3.6 Shields
 + Level 1.6 Evocations


You had 11 spell levels left.
You didn't know any spells.

Dungeon Overview and Level Annotations

Branches:
Dungeon (12/15)            Temple (1/1) D:4            Lair (0/6) D:10
    Orc (0/2) D:11

Altars:
Dithmenos
Elyvilon
Fedhas
Gozag
Kikubaaqudgha
Nemelex Xobeh
Okawaru
Sif Muna
Trog
Xom
Yredelemnul
Zin

Shops:
D:8 *

Annotations:
IceCv exclusion: ice statue


Innate Abilities, Weirdness & Mutations

You reflexively headbutt those who attack you in melee.
You have a pair of horns on your head.


Message History

The yak gores you but does no damage. x2
You slice the frost giant!!
You kill the frost giant!
Okawaru is honoured by your kill. Something appears at your feet!
Okawaru grants you a gift! The yak gores you!
* * * LOW HITPOINT WARNING * * *
The yak gores you but does no damage. x2; The yak gores you.
* * * LOW HITPOINT WARNING * * *
You cut the yak into ribbons!!!
You feel better.
You kill the yak!
Okawaru accepts your kill. The yak barely misses you.
The yak gores you but does no damage. x2
You slice the polar bear!!
The polar bear is heavily wounded.
The yak gores you.
* * * LOW HITPOINT WARNING * * *
The polar bear bites you.
You die...

# ..## ###. ####
.... ##...###.)##
..... #...##.))..##
.....
#...#.....))#......
#...#......##.....#
#.......###Y....#
##........@hY.#
###.##......YY.##
#≈≈≈############
##≈≈≈≈≈≈≈≈≈
#≈≈≈≈≈≈≈≈≈≈
#≈≈≈####### ###
##≈≈## ###.# #..##
#...# ##..##
###....


You could see a polar bear and 4 yaks.

Vanquished Creatures
  A frost giant (IceCv)
  The ghost of Golfball the Fighter, a journeyman HOFi of Beogh (D:12)
  A hydra (D:11)
  A centaur warrior (D:12)
  3 two-headed ogres
  The ghost of maximusg the Severer, a novice MiBe of Trog (D:11)
  An ugly thing (D:11)
  Joseph (D:7)
  Psyche (D:8)
  2 kobold demonologists (D:11)
  2 gargoyles (D:12)
  A komodo dragon (D:12)
  2 centaur skeletons (D:12)
  A troll (D:10)
  A hornet (D:9)
  8 polar bears
  A hippogriff (D:12)
  A shadow (D:11)
  Sigmund (D:2)
  9 yaks
  Eustachio (D:6)
  The ghost of maximusg the Chopper, an amateur MiBe of Trog (Ossuary)
  3 hungry ghosts
  3 vampire mosquitoes (D:12)
  Menkaure (D:7)
  Edmund (D:4)
  2 soldier ants (D:12)
  An acid dragon (D:11)
  A water moccasin (D:9)
  A porcupine (D:10)
  3 orc warriors
  7 ogres
  3 phantoms
  4 black bears
  13 ice beasts
  4 sky beasts
  A hornet zombie (D:8)
  8 wolves (IceCv)
  5 centaurs
  2 big kobolds
  2 crocodiles
  Blork the orc (D:4)
  11 bullfrogs
  2 gnoll sergeants
  4 scorpions
  6 killer bees (D:9)
  5 wights (D:10)
  2 electric eels (D:8)
  2 howler monkeys
  3 centaur zombies
  2 bullfrog zombies (D:8)
  6 crimson imps
  5 hounds
  6 orc priests
  3 bullfrog skeletons
  2 human zombies (Ossuary)
  A jelly (D:10)
  11 orc wizards
  Ijyb (D:3)
  Natasha (Temple)
  12 worker ants
  A killer bee zombie (D:6)
  2 big kobold zombies (Ossuary)
  2 hound zombies
  A hound skeleton (D:4)
  2 mummies (Ossuary)
  4 worker ant zombies
  10 gnolls
  12 adders
  A hound simulacrum (D:8)
  3 shadow imps (D:11)
  A white imp (D:8)
  2 worker ant simulacra (D:8)
  An ufetubus (D:8)
  2 adder zombies (Ossuary)
  An adder skeleton (D:9)
  A worm (D:4)
  7 leopard geckos
  41 orcs
  4 giant cockroaches
  9 goblins
  10 hobgoblins
  14 kobolds
  7 quokkas
  A ball python skeleton (D:4)
  8 bats
  2 frilled lizards
  2 goblin zombies
  13 hobgoblin zombies (Ossuary)
  A jackal skeleton (D:4)
  6 kobold zombies (Ossuary)
  A leopard gecko skeleton (D:4)
  10 orc zombies (Ossuary)
  A quokka skeleton (D:4)
  A quokka zombie (D:7)
  20 rats
  2 rat zombies
399 creatures vanquished.

Vanquished Creatures (others)
  4 fungi (D:10)
  A plant (D:10)
5 creatures vanquished.

Grand Total: 404 creatures vanquished

Notes
Turn   | Place    | Note
-------+----------+-------------------------------------------
     0 | D:1      | FartMonger the Minotaur Fighter began the quest for the Orb.
     0 | D:1      | Reached XP level 1. HP: 19/19 MP: 0/0
    69 | D:1      | Reached XP level 2. HP: 22/27 MP: 1/1
   273 | D:3      | Reached skill level 3 in Long Blades
   273 | D:3      | Reached XP level 3. HP: 29/34 MP: 2/2
   406 | D:3      | Reached XP level 4. HP: 31/41 MP: 3/3
   530 | D:4      | Found a staircase to the Ecumenical Temple.
   537 | D:4      | Noticed Natasha
   540 | Temple   | Entered the Ecumenical Temple
   628 | Temple   | Became a worshipper of Warmaster Okawaru
   661 | D:4      | Reached skill level 4 in Long Blades
   669 | Temple   | Killed Natasha
   675 | D:4      | Reached skill level 5 in Armour
   675 | D:4      | Reached XP level 5. HP: 41/47 MP: 4/4
   717 | D:4      | Reached skill level 1 in Dodging
   993 | D:4      | Noticed Blork the orc
  1003 | D:4      | Killed Blork the orc
  1003 | D:4      | Reached skill level 5 in Long Blades
  1117 | D:4      | Reached skill level 5 in Fighting
  1117 | D:4      | Reached XP level 6. HP: 50/56 MP: 5/5
  1165 | D:4      | Noticed Edmund
  1182 | D:4      | Reached * piety under Okawaru
  1212 | D:4      | Killed Edmund
  1212 | D:4      | Reached skill level 6 in Long Blades
  1212 | D:4      | Reached XP level 7. HP: 4/61 MP: 6/6
  1747 | D:2      | Noticed Sigmund
  1761 | D:2      | Killed Sigmund
  3182 | D:3      | Noticed Ijyb
  3194 | D:3      | Killed Ijyb
  3391 | D:3      | Found a deep blue altar of Sif Muna.
  3603 | D:4      | Found a blossoming altar of Fedhas.
  3628 | D:4      | Reached skill level 7 in Long Blades
  3781 | D:5      | Entered Level 5 of the Dungeon
  3821 | D:5      | Reached ** piety under Okawaru
  3821 | D:5      | Reached XP level 8. HP: 38/70 MP: 7/7
  3985 | D:5      | Found a shadowy altar of Dithmenos.
  4699 | D:5      | Reached skill level 8 in Long Blades
  5372 | D:6      | Found an iron altar of Okawaru.
  5421 | D:6      | Reached *** piety under Okawaru
  5429 | D:6      | Reached skill level 9 in Long Blades
  5435 | D:6      | Noticed Eustachio
  5444 | D:6      | Killed Eustachio
  5584 | D:6      | Reached XP level 9. HP: 76/79 MP: 8/8
  6078 | D:7      | Noticed Menkaure
  6091 | D:7      | Killed Menkaure
  6091 | D:7      | Reached skill level 10 in Long Blades
  6860 | D:7      | Reached **** piety under Okawaru
  6895 | D:7      | Noticed Joseph
  7083 | D:7      | Killed Joseph
  7083 | D:7      | Reached skill level 11 in Long Blades
  7083 | D:7      | Reached skill level 5 in Dodging
  7688 | D:8      | Found a sand-covered staircase.
  7701 | Ossuary  | Entered an ossuary
  7708 | Ossuary  | Noticed maximusg's ghost (amateur MiBe)
  7722 | Ossuary  | Killed maximusg's ghost
  7923 | D:8      | Noticed a polar bear
  7942 | D:8      | Killed a polar bear
  7942 | D:8      | Reached XP level 10. HP: 84/88 MP: 9/9
  8018 | D:8      | Reached skill level 10 in Armour
  8327 | D:8      | Noticed a two-headed ogre
  8451 | D:8      | Found a white marble altar of Elyvilon.
  8496 | D:8      | Killed a two-headed ogre
  8496 | D:8      | Reached ***** piety under Okawaru
  8496 | D:8      | Reached skill level 12 in Long Blades
  8548 | D:8      | Found Dalurgh's Assorted Antiques.
  8667 | D:8      | Received a gift from Okawaru
  8667 | D:8      | Reached skill level 1 in Evocations
  8668 | D:8      | Got a steaming great sword {god gift}
  8696 | D:8      | Identified the +1 great sword "Sasiz" {vamp, Str+2} (Okawaru gifted it to you on level 8 of the Dungeon)
  8852 | D:8      | Noticed Psyche
  8858 | D:8      | Killed Psyche
  9384 | D:9      | Reached skill level 13 in Long Blades
  9521 | D:9      | Noticed a two-headed ogre
  9529 | D:9      | Killed a two-headed ogre
  9529 | D:9      | Reached XP level 11. HP: 96/97 MP: 10/10
  9606 | D:10     | Entered Level 10 of the Dungeon
  9627 | D:10     | Found a staircase to the Lair.
 10035 | D:10     | Reached skill level 14 in Long Blades
 10286 | D:10     | Found a shimmering altar of Xom.
 10293 | D:10     | Reached skill level 10 in Fighting
 10391 | D:11     | Noticed an eight-headed hydra
 10398 | D:11     | Killed an eight-headed hydra
 10444 | D:11     | Noticed maximusg's ghost (novice MiBe)
 10460 | D:11     | Killed maximusg's ghost
 10460 | D:11     | Reached ****** piety under Okawaru
 10549 | D:11     | Found a staircase to the Orcish Mines.
 10552 | D:11     | Noticed a two-headed ogre
 10559 | D:11     | Killed a two-headed ogre
 10610 | D:11     | Noticed a green ugly thing
 10616 | D:11     | Killed a green ugly thing
 10823 | D:11     | Reached skill level 15 in Long Blades
 10833 | D:11     | Noticed a sun demon
 11034 | D:11     | Received a gift from Okawaru
 11035 | D:11     | Got a faintly humming scarf {god gift}
 11046 | D:11     | Identified the scarf of Articulation {*Slow +Fly rElec rPois} (Okawaru gifted it to you on level 11 of the Dungeon)
 11396 | D:12     | Noticed Golfball's ghost (journeyman HOFi)
 11405 | D:12     | Noticed a two-headed ogre
 11409 | D:12     | Reached XP level 12. HP: 95/108 MP: 12/12
 11435 | D:12     | Killed Golfball's ghost
 11531 | D:12     | Noticed a centaur warrior
 11535 | D:12     | Killed a centaur warrior
 11535 | D:12     | Reached skill level 16 in Long Blades
 11712 | D:12     | Found an opulent altar of Gozag.
 11729 | D:12     | Found a frozen archway.
 11749 | IceCv    | Entered an ice cave
 12099 | IceCv    | Noticed a frost giant
 12108 | IceCv    | Killed a frost giant
 12108 | IceCv    | Received a gift from Okawaru
 12108 | IceCv    | HP: 3/110 [yak (6)]
 12110 | IceCv    | Slain by a polar bear

Skill      XL: |  1  2  3  4  5  6  7  8  9 10 11 12 |
---------------+-------------------------------------+-----
Fighting       | 4 5 7 8 9 10 11 | 11.6
Long Blades    | 3 4 5 6 7 9 11 13 15 16 | 16.7
Armour         | 4 5 6 7 8 9 10 12 13 | 13.2
Dodging        | 1 2 4 5 6 |  6.1
Evocations     | 1 |  1.6
Shields        | |  3.6

Action                   |  1- 3 |  4- 6 |  7- 9 | 10-12 || total
-------------------------+-------+-------+-------+-------++-------
Melee: Long sword        |    48 |    95 |   706 |    77 ||   926
       Headbutt          |     7 |    16 |   106 |   113 ||   242
       Unarmed           |       |       |     9 |       ||     9
       Great sword       |       |       |       |   440 ||   440
Evoke: Wand              |       |       |     7 |     9 ||    16
  Use: Potion            |       |     1 |     8 |     3 ||    12
       Scroll            |       |       |    10 |     7 ||    17
  Eat: Chunk             |       |       |    10 |     8 ||    18
       Meat ration       |       |       |     2 |     2 ||     4
       Royal jelly       |       |       |     1 |     1 ||     2
       Fruit             |       |       |       |     2 ||     2
Armor: Scale mail        |    17 |    49 |   236 |     4 ||   306
       Plate armour      |       |       |       |   341 ||   341
Dodge: Dodged            |    14 |    21 |   225 |   233 ||   493
Block: Shield            |    19 |    39 |   298 |    25 ||   381
       Rpst.: Long sword |     5 |     5 |    58 |     4 ||    72
       Great sword       |       |       |       |    54 ||    54
